 Dungeon Crawl Stone Soup version 0.29-a0-817-g9904bce7a6 (webtiles) character file.

Game seed: 2270050198108558663

924 RevDB the Sneak (level 7, -19/33 HPs)
             Began as a Spriggan Arcane Marksman on July 2, 2022.
             Was a Follower of Okawaru.
             Demolished by an orc warrior
             ... wielding a +0 halberd
              (25 damage)
             ... on level 5 of the Dungeon on July 5, 2022.
             The game lasted 01:30:13 (5799 turns).

RevDB the Sneak (Spriggan Arcane Marksman)          Turns: 5799, Time: 01:30:22

Health: -19/33     AC:  3    Str:  6      XL:     7   Next: 84%
Magic:  12/13      EV: 20    Int: 15      God:    Okawaru [*.....]
Gold:   202        SH:  0    Dex: 22 (23) Spells: 5/13 levels left

rFire   . . .      SeeInvis +   a - +0 shortbow (vorpal)
rCold   . . .      Faith    .   (shield currently unavailable)
rNeg    . . .      Spirit   .   c - +0 robe
rPois   .          Reflect  .   D - +0 hat
rElec   .          Harm     .   H - +0 cloak
rCorr   .          Rampage  .   (gloves unavailable)
Will    +....                   (boots unavailable)
Stlth   ++++......              y - amulet of regeneration
HPRegen 0.91/turn               p - +6 ring of dexterity
MPRegen 0.13/turn               t - ring of wizardry

@: very quick
A: very small, no large weapons, unfitting armour, see invisible, speed 3
a: Renounce Religion, Heroism


You were on level 5 of the Dungeon.
You worshipped Okawaru.
Okawaru was aware of your devotion.
You visited 2 branches of the dungeon, and saw 7 of its levels.

You collected 202 gold pieces.

Inventory:

Hand Weapons
 a - a +0 vorpal shortbow (weapon)
 b - a +2 rapier of venom
 e - a +0 dagger
 C - a +0 sling
 F - a +4 quarterstaff of chaos
Missiles
 f - 13 poisoned darts
 E - a throwing net
Armour
 c - a +0 robe (worn)
 D - a +0 hat (worn)
 H - a +0 cloak (worn)
Jewellery
 j - a ring of see invisible
 p - a +6 ring of dexterity (left hand)
 t - a ring of wizardry (right hand)
 y - an amulet of regeneration (around neck)
Wands
 h - a wand of paralysis (10)
 z - a wand of roots (20)
Scrolls
 d - 2 scrolls of teleportation
 g - a scroll of summoning
 n - 4 scrolls of enchant armour
 q - 2 scrolls of vulnerability
 s - 2 scrolls of fear
 v - 2 scrolls of immolation
 G - a scroll of magic mapping
Potions
 i - a potion of flight
 k - 2 potions of attraction
 l - 4 potions of curing
 m - 3 potions of haste
 o - a potion of mutation
 r - 3 potions of degeneration
 u - a potion of cancellation
 w - a potion of might
 x - 2 potions of lignification
 A - a potion of invisibility
 B - a potion of brilliance {unknown}


   Skills:
 - Level 1.0 Fighting
 * Level 4.6 Ranged Weapons
 + Level 5.0 Dodging
 * Level 6.1 Stealth
 + Level 3.7 Spellcasting
 + Level 5.1 Hexes
 * Level 5.4 Translocations


You had 5 spell levels left.
You knew the following spells:

 Your Spells              Type           Power      Damage    Failure   Level
a - Slow                  Hex            72%        N/A       1%          1
b - Portal Projectile     Hex/Tloc       36%        N/A       2%          3
c - Cause Fear            Hex            9%         N/A       9%          4

Your spell library contained the following spells:

 Spells                   Type           Power      Damage    Failure   Level
 Gell's Gravitas          Tloc           19%        N/A       2%          3
 Lesser Beckoning         Tloc           19%        N/A       2%          3
 Teleport Other           Tloc           19%        N/A       2%          3
 Magic Dart               Conj           8%         1d3       8%          1
 Inner Flame              Hex/Fire       10%        N/A       8%          3
 Searing Ray              Conj           4%         2d4       12%         2
 Fulminant Prism          Conj/Hex       5%         3d7       26%         4
 Leda's Liquefaction      Hex/Erth       5%         N/A       26%         4
 Call Canine Familiar     Summ           Unusable   N/A       N/A         3

Dungeon Overview and Level Annotations

Branches:
Dungeon (6/15)             Temple (1/1) D:4

Altars:
Ashenzari
Dithmenos
Elyvilon
Fedhas
Gozag
Kikubaaqudgha
Makhleb
Nemelex Xobeh
Okawaru
Qazlal
Wu Jian
Xom
The Shining One

Shops:
D:4 !


Innate Abilities, Weirdness & Mutations

You are very small and have problems with some larger weapons.
You are too small for most types of armour.
You have supernaturally acute eyesight. (SInv)
You cover ground extremely quickly. (Speed+++)


Message History

You kill the orc wizard!
Okawaru accepts your kill. The orc warrior closely misses you. x2
Fire: a) +0 shortbow (vorpal)
Press: ? - help, Q - select action, (/) - cycle Shift-Dir - straight line, f/p - black bear
Aim: a black bear (72% to hit)
You shoot an arrow. The arrow hits the orc warrior.
The orc warrior is severely wounded.
The orc warrior hits you from afar with a +0 halberd!
Press: ? - help, v - describe, . - travel, g - get item
Here: a black bear
Items here: $ )) [[.
The floor, spattered with blood.
Fire: a) +0 shortbow (vorpal)
Press: ? - help, Q - select action, (/) - cycle Shift-Dir - straight line, f/p - black bear
Aim: a black bear (72% to hit)
You shoot an arrow.
The arrow closely misses the orc warrior.
The arrow hits the black bear!
The black bear is moderately wounded.
The orc warrior barely misses you.
Fire: a) +0 shortbow (vorpal)
Press: ? - help, Q - select action, (/) - cycle Shift-Dir - straight line, f/p - black bear
Aim: a black bear (moderately wounded, 72% to hit)
You shoot an arrow.
The arrow hits the orc warrior but does no damage.
The orc warrior is severely wounded.
The orc warrior completely misses you.
Fire: a) +0 shortbow (vorpal)
Press: ? - help, Q - select action, (/) - cycle Shift-Dir - straight line, f/p - black bear
Aim: a black bear (moderately wounded, 72% to hit)
You shoot an arrow.
The arrow barely misses the orc warrior.
The arrow closely misses the black bear.
The orc warrior hits you from afar with a +0 halberd!!
Ouch! That really hurt!
* * * LOW HITPOINT WARNING * * *
The orc warrior hits you from afar with a +0 halberd!!
Ouch! That really hurt!
You die...

#. .[.. # ##.. ..... .
#.. ... .## .###.# ..#
..# .....##..# #.# ###
........# #h# ....
#....##########o###.....
#....##.................
#.......#####...@.......
.....#..#####.#####.....
.....#........#### ....
....J...##.###...# ...
.##.###.##.###...# .
##..# #.##..##...# ##.##
#.# #.##...#
....###.###.....##
................#


You could see an orc warrior and a black bear.

Vanquished Creatures
  The ghost of Foxy the Sneak, an amateur HuBr (D:4)
  Blork the orc (D:5)
  A scorpion (D:4)
  4 hounds
  4 quasits (D:4)
  2 jellies (D:5)
  Crazy Yiuf (D:5)
  2 iguanas (D:5)
  2 orc wizards (D:5)
  7 adders
  4 worms
  5 dart slugs
  8 ball pythons
  11 endoplasms
  8 giant cockroaches
  8 hobgoblins
  3 jackals (D:2)
  A kobold (D:3)
  7 quokkas
  6 bats
  5 frilled lizards
  4 goblins
  3 rats
98 creatures vanquished.

Notes
Turn   | Place    | Note
-------+----------+-------------------------------------------
     0 | D:1      | RevDB the Spriggan Arcane Marksman began the quest for the
                  | Orb.
     0 | D:1      | Reached XP level 1. HP: 9/9 MP: 3/3
   372 | D:2      | Found a faded altar of an unknown god.
   458 | D:1      | Reached skill level 1 in Fighting
   458 | D:1      | Reached XP level 2. HP: 14/14 MP: 5/5
  1279 | D:1      | Reached XP level 3. HP: 18/18 MP: 6/6
  1414 | D:1      | Reached skill level 1 in Stealth
  2128 | D:2      | Reached skill level 2 in Stealth
  2132 | D:2      | Learned a level 3 spell: Portal Projectile
  2154 | D:2      | Upgraded the game from 0.29-a0-789-g7a8fcbc185 to
                  | 0.29-a0-802-g34511f41fd
  2375 | D:2      | Reached skill level 1 in Translocations
  2450 | D:2      | Reached XP level 4. HP: 4/22 MP: 8/8
  3478 | D:3      | Learned a level 3 spell: Teleport Other
  3506 | D:4      | Upgraded the game from 0.29-a0-802-g34511f41fd to
                  | 0.29-a0-813-g4a14ea37d6
  3515 | D:4      | Found Yrhufret's Distillery.
  3525 | D:4      | Upgraded the game from 0.29-a0-813-g4a14ea37d6 to
                  | 0.29-a0-817-g9904bce7a6
  3602 | D:4      | Found a shadowy altar of Dithmenos.
  3957 | D:4      | Noticed a scorpion
  4052 | D:4      | Reached skill level 3 in Stealth
  4052 | D:4      | Reached XP level 5. HP: 25/25 MP: 9/9
  4149 | D:5      | Entered Level 5 of the Dungeon
  4156 | D:6      | Found an ancient bone altar of Kikubaaqudgha.
  4210 | D:5      | Reached XP level 6. HP: 30/30 MP: 10/10
  4267 | D:5      | Noticed Blork the orc
  4277 | D:6      | Noticed a sky beast
  4377 | D:4      | Reached skill level 4 in Stealth
  4483 | D:4      | Learned a level 4 spell: Cause Fear
  4485 | D:4      | Found a staircase to the Ecumenical Temple.
  4497 | Temple   | Entered the Ecumenical Temple
  4542 | Temple   | Became a worshipper of Warmaster Okawaru
  4600 | D:5      | Killed Blork the orc
  4671 | D:5      | Reached * piety under Okawaru
  4692 | D:4      | Reached XP level 7. HP: 33/33 MP: 12/12
  4826 | D:4      | Noticed Foxy's ghost (amateur HuBr)
  4833 | D:4      | Found a transporter.
  4905 | D:4      | Found a transporter.
  5111 | D:4      | Reached skill level 5 in Stealth
  5661 | D:4      | Killed Foxy's ghost
  5662 | D:4      | Reached skill level 5 in Hexes
  5662 | D:4      | Reached skill level 5 in Translocations
  5720 | D:5      | Found a runed translucent door.
  5721 | D:5      | Noticed Crazy Yiuf
  5737 | D:5      | Killed Crazy Yiuf
  5738 | D:5      | Reached skill level 6 in Stealth
  5793 | D:5      | Reached skill level 5 in Dodging
  5799 | D:5      | Demolished by an orc warrior

Illustrated notes

Levels and vault maps discovered:
D:1:      wander_arrival_chamber, layout_basic, minmay_quantized
D:2:      layout_basic, nicolae_ecumenical_oubliette
D:3:      layout_rooms
D:4:      layout_layer_cave, mainiacjoe_overflow_cross_hatched, temple_pool_b,
          serial_shops, nicolae_shop_behind_doors, gammafunk_ghost_stat_death,
          minmay_joined_circles
D:5:      layout_rooms, bloody_trog, chequers_serial_rivers_micro_d,
          uniq_crazy_yiuf_cottage, uniq_blork_the_orc, uniq_prince_ribbit1
D:6:      layout_rooms, lemuel_crystal_altar, mainiacjoe_overflow_chevrons,
          kennysheep_diamond, kennysheep_donut
Temple:   nicolae_temple_x_marks_the_god

Skill      XL: |  1  2  3  4  5  6  7 |
---------------+----------------------+-----
Fighting       | 1 |  1.0
Dodging        | 3 4 5 |  5.0
Ranged Weapons | 3 2 3 4 |  4.6
Spellcasting   | 2 3 |  3.7
Stealth        | 2 3 4 6 |  6.1
Hexes          | 4 5 |  5.1
Translocations | 1 2 3 4 5 |  5.4

Action                   |  1- 3 |  4- 6 |  7- 9 || total
-------------------------+-------+-------+-------++-------
Melee: Rapier            |     4 |    44 |    16 ||    64
 Fire: Sling             |   147 |    67 |       ||   214
       Shortbow          |       |    52 |    51 ||   103
 Cast: Slow              |     6 |     4 |    17 ||    27
       Portal Projectile |       |     8 |     2 ||    10
       Cause Fear        |       |       |     1 ||     1
  Use: Scroll            |     8 |     9 |     3 ||    20
 Stab: Sleeping          |     1 |     2 |       ||     3
Armor: Robe              |     5 |     4 |    15 ||    24
Dodge: Dodged            |    49 |    58 |    97 ||   204

Table legend: (Time is in decaauts)
 A = Elapsed time spent in this place.
 B = Non-inter-level travel time spent in this place.
 C = Inter-level travel time spent in this place.
 D = Time resting spent in this place.
 E = Time spent auto-exploring this place.
 F = Levels seen in this place.
 G = Mean time per level.
                   A        B        C        D        E       F      G
               +--------+--------+--------+--------+--------+-----+--------+
         Total |   4338 |   4289 |     49 |   1152 |    285 |   7 |  619.7 |
       Dungeon |   4301 |   4252 |     49 |   1152 |    285 |   6 |  716.8 |
        Temple |     36 |     36 |      0 |      0 |      0 |   1 |   36.0 |
               +--------+--------+--------+--------+--------+-----+--------+

Top non-repeatable levels by time:
     D:1: 1482 daAuts
     D:4: 1254 daAuts
     D:2: 878 daAuts
     D:3: 401 daAuts
     D:5: 267 daAuts
  Temple: 36 daAuts
     D:6: 17 daAuts
